 Dungeon Crawl Stone Soup version 0.29.1-12-g30fa7ad0bf (webtiles) character file.

Game seed: 7869100699858144204

708 javelincjr the Magician (level 8, -1/52 HPs)
             Began as a Djinni Conjurer on Jan 18, 2023.
             Slain by a gnoll sergeant
             ... wielding a +0 trident
              (8 damage)
             ... on level 4 of the Dungeon.
             The game lasted 00:15:49 (4878 turns).

javelincjr the Magician (Djinni Conjurer)           Turns: 4878, Time: 00:15:49

Health: -1/52      AC:  4    Str:  6    XL:     8   Next: 0%
Gold:   212        EV: 13    Int: 22    God:
                   SH:  0    Dex: 12

rFire   + + .      SeeInvis .   x - +1 short sword (drain)
rCold   x . .      Faith    .   (no shield)
rNeg    . . .      Spirit   .   a - +0 robe
rPois   ∞          Reflect  .   (no helmet)
rElec   .          Harm     .   b - +0 cloak
rCorr   .          Rampage  .   f - +0 pair of gloves
Will    .....                   (boots unavailable)
Stlth   ++........              (no amulet)
HPRegen 0.17/turn               (no ring)
MPRegen 0.00/turn               (no ring)

@: flying
A: sickness immunity, fire resistance 2, cold vulnerability 1, float, innate
caster, HP casting, extra vitality 1
a: no special abilities


You were on level 4 of the Dungeon.
You visited 1 branch of the dungeon, and saw 5 of its levels.

You collected 212 gold pieces.

Inventory:

Hand Weapons
 d - a +0 dagger
 t - a +5 flail
 x - a +1 short sword of draining (weapon)
Missiles
 h - 9 poisoned darts
 s - 2 throwing nets
Armour
 a - a +0 robe (worn)
 b - a +0 cloak (worn)
 f - a +0 pair of gloves (worn)
Scrolls
 c - 10 scrolls of identify {unknown}
 e - 4 scrolls of teleportation {unknown}
 j - a scroll of enchant weapon {unknown}
 k - a scroll of fog {unknown}
 m - a scroll of magic mapping {unknown}
 n - 2 scrolls of noise {unknown}
 o - 2 scrolls of blinking {unknown}
 p - a scroll of silence {unknown}
 v - a scroll of fear {unknown}
Potions
 g - 2 potions of heal wounds {unknown}
 i - 3 potions of flight {unknown}
 l - 2 potions of magic {unknown}
 q - a potion of haste {unknown}
 r - a potion of berserk rage {unknown}
 u - 3 potions of curing
 w - a potion of resistance {unknown}
 z - a potion of mutation {unknown}


   Skills:
 + Level 1.4 Fighting
 + Level 3.6 Dodging
 + Level 3.1 Stealth
 + Level 6.2 Spellcasting


You couldn't memorise any spells.
You knew the following spells:

 Your Spells              Type           Power      Damage    Failure   Level
a - Magic Dart            Conj           100%       1d8       1%          1
b - Searing Ray           Conj           68%        2d6       1%          2
c - Dazzling Flash        Conj/Hex       68%        N/A       1%          3
d - Fulminant Prism       Conj/Hex       17%        3d11      7%          4
e - Iskenderun's Mystic   Conj/Tloc      34%        2d8       7%          4
f - Slow                  Hex            100%       N/A       1%          1
g - Ensorcelled Hibernat  Hex/Ice        68%        N/A       1%          2
h - Conjure Flame         Conj/Fire      34%        6-21      1%          3
Your spell library was empty.

Dungeon Overview and Level Annotations

Branches:
Dungeon (5/15)
 Temple: D:4-7

Altars:
Yredelemnul

Shops:
D:1 (


Innate Abilities, Weirdness & Mutations

You are immune to sickness and miasma.
You are immune to poison.
Your flesh is very heat resistant. (rF++)
You are vulnerable to cold. (rC-)
You float through the air rather than walking.
You learn spells naturally, not from books.
Your magical power is your life essence.
You have superior vitality. (+4 MHP)


Message History

The searing ray misses the gnoll.
The gnoll sergeant hits you from afar with a +0 trident!
A gnoll comes into view. It is wielding a +0 whip.
Your magical contamination has completely faded away.
The searing ray hits the gnoll sergeant.
The gnoll sergeant is severely wounded.
The searing ray hits the gnoll!
You kill the gnoll!
The searing ray hits the gnoll!
The gnoll is heavily wounded.
The gnoll sergeant barely misses you.
The searing ray misses the gnoll sergeant.
The searing ray hits the gnoll!
You kill the gnoll!
The searing ray hits the gnoll!
The gnoll is severely wounded.
You finish channelling your searing ray.
You hear an angry hiss.
The gnoll sergeant hits you from afar with a +0 trident.
* * * LOW HITPOINT WARNING * * *
A ball python comes into view.
Casting: Searing Ray (safe; 1% risk of failure)
Confirm with . or Enter, or press ? or * to list all spells.
Aiming: Searing Ray (safe; 1% risk of failure)
Press: ? - help, Shift-Dir - straight line, f/p - gnoll sergeant
Aim: a gnoll sergeant, wielding a +0 trident, wearing a +0 ring mail and wearing a +0 kite shield (severely wounded, 88% to hit)
The searing ray misses the gnoll sergeant.
The searing ray hits the gnoll!
You kill the gnoll! (Press . to maintain the ray.)
* * * LOW HITPOINT WARNING * * *
The gnoll sergeant drinks a potion.
The gnoll sergeant is healed!
You have reached level 8!
You feel agile.
The searing ray hits the gnoll sergeant!
The gnoll sergeant is severely wounded.
The searing ray misses the ball python.
* * * LOW HITPOINT WARNING * * *
The gnoll sergeant hits you from afar with a +0 trident!
You die...

##..#....##
#........#
#.##.....#
......#...#
..........######
....##.#.......#
#....
#.#######.# ..
.. #.# ## #@#
#.# #g# #)# #S#
..# ####


You could see a gnoll sergeant and a ball python.

Vanquished Creatures
  A black bear (D:4)
  A scorpion (D:4)
  A gnoll bouda (D:5)
  A hound (D:5)
  2 orc priests
  Terence (D:3)
  An iguana (D:5)
  3 orc wizards
  16 gnolls
  7 adders
  5 dart slugs
  A worm (D:2)
  10 orcs
  8 ball pythons
  5 endoplasms
  5 giant cockroaches
  7 goblins
  3 hobgoblins
  3 jackals (D:4)
  6 kobolds
  2 quokkas
  5 bats
  2 frilled lizards
  3 rats
99 creatures vanquished.

Vanquished Creatures (others)
  8 fulminant prisms
8 creatures vanquished.

Grand Total: 107 creatures vanquished

Notes
Turn   | Place    | Note
-------+----------+-------------------------------------------
     0 | D:1      | javelincjr the Djinni Conjurer began the quest for the Orb.
     0 | D:1      | javelincjr set off with the following spells memorised:
                  | Magic Dart, Searing Ray, Dazzling Flash, Fulminant Prism,
                  | Iskenderun's Mystic Blast.
     0 | D:1      | Reached XP level 1. HP: 15/15 MP: 0/0
   333 | D:1      | Reached XP level 2. HP: 20/21 MP: 0/0
   456 | D:1      | Found Aqutwitiomp's Weapon Emporium.
  1086 | D:1      | Reached XP level 3. HP: 22/25 MP: 0/0
  1086 | D:1      | Learned a level 1 spell: Slow
  1487 | D:2      | Reached skill level 4 in Spellcasting
  1767 | D:2      | Found a faded altar of an unknown god.
  2074 | D:2      | Reached XP level 4. HP: 25/31 MP: 0/0
  2750 | D:3      | You are sucked into a shaft and drop 2 floors!
  2750 | D:5      | Entered Level 5 of the Dungeon
  2765 | D:5      | Reached XP level 5. HP: 28/35 MP: 0/0
  2765 | D:5      | Learned a level 2 spell: Ensorcelled Hibernation
  2992 | D:5      | Found a basalt altar of Yredelemnul.
  3077 | D:5      | Reached skill level 5 in Spellcasting
  3077 | D:5      | Reached XP level 6. HP: 17/40 MP: 0/0
  3825 | D:4      | Reached XP level 7. HP: 39/46 MP: 0/0
  3825 | D:4      | Learned a level 3 spell: Conjure Flame
  3887 | D:4      | Reached skill level 1 in Fighting
  4318 | D:3      | Noticed Terence
  4326 | D:3      | Killed Terence
  4783 | D:4      | Reached skill level 6 in Spellcasting
  4878 | D:4      | Reached XP level 8. HP: 8/52 MP: 0/0
  4878 | D:4      | Slain by a gnoll sergeant

Illustrated notes

Levels and vault maps discovered:
D:1:      minmay_arrival_stair_chambers, layout_basic, serial_shops,
          nicolae_shop_statue_plus, st_stairs_13, chequers_jeans,
          minmay_heptomino_d4
D:2:      minmay_spotlight, layout_basic, basic_altar,
          hellmonk_ecumenical_altar_lost_god, chequers_serial_rivers_large_b
D:3:      layout_rooms, uniq_terence
D:4:      layout_basic, minmay_ruined_shrine
D:5:      gammafunk_wand_slinger, layout_loops_cross, marbit_many_paths,
          old_standard_altar, mainiacjoe_overflow_big_doors

Skill      XL: |  1  2  3  4  5  6  7 |
---------------+----------------------+-----
Spellcasting   | 4 5 6 |  6.2
Stealth        | 2 3 |  3.1
Dodging        | 3 |  3.6
Fighting       | 1 |  1.4

Action                   |  1- 3 |  4- 6 |  7- 9 || total
-------------------------+-------+-------+-------++-------
Melee: Unarmed           |    15 |       |       ||    15
       Dagger            |       |     3 |       ||     3
       Flail             |       |     3 |       ||     3
       Punch             |       |     1 |     1 ||     2
       Short sword       |       |       |     3 ||     3
 Cast: Magic Dart        |    56 |    26 |    41 ||   123
       Searing Ray       |     2 |    14 |     5 ||    21
       Fulminant Prism   |       |     2 |     6 ||     8
       Iskenderun's Myst |       |       |     6 ||     6
Armor: Robe              |    10 |     8 |     2 ||    20
Dodge: Dodged            |    27 |    18 |     7 ||    52
